 Dungeon Crawl Stone Soup version 0.23-a0-8-gb809bb70e4 (webtiles) character file.

85 IcyTea the Slasher (level 4, -2/39 HPs)
             Began as a Hill Orc Monk on Aug 1, 2018.
             Slain by a phantom (10 damage)
             ... on level 4 of the Dungeon.
             The game lasted 00:03:45 (1232 turns).

IcyTea the Slasher (Hill Orc Monk)                  Turns: 1232, Time: 00:03:46

Health: -2/39      AC:  2    Str: 14    XL:     4   Next: 48%
Magic:  4/4        EV: 13    Int: 10    God:
Gold:   108        SH:  0    Dex: 13    Spells: 3/3 levels left

rFire    . . .     SeeInvis .   a - +0 falchion
rCold    . . .     Gourm    .   (no shield)
rNeg     . . .     Faith    .   b - +0 robe
rPois    .         Spirit   .   (no helmet)
rElec    .         Reflect  .   (no cloak)
rCorr    .         Harm     .   (no gloves)
MR       .....                  (no boots)
Stlth    ++........             (no amulet)
HPRegen  0.13/turn              (no ring)
MPRegen  0.09/turn              (no ring)

@: no status effects
A: no striking features
a: no special abilities


You were on level 4 of the Dungeon.
You were not hungry.

You visited 1 branch of the dungeon, and saw 3 of its levels.

You collected 108 gold pieces.

Inventory:

Hand Weapons
 a - a +0 falchion (weapon)
Armour
 b - a +0 robe (worn)
Scrolls
 h - a scroll of enchant weapon {unknown}
Potions
 d - a potion of heal wounds {unknown}
 e - a potion of haste
 f - a potion of lignification {unknown}
 g - a potion of curing {unknown}
Comestibles
 c - 5 rations
 i - a chunk of flesh


   Skills:
 - Level 3.6 Fighting
 + Level 5.6 Long Blades
 - Level 2.4 Dodging
 - Level 1.5 Stealth


You had 3 spell levels left.
You didn't know any spells.
Your spell library was empty.

Dungeon Overview and Level Annotations

Branches:
Dungeon (2/15)

Altars:


Message History

The phantom barely misses you.
You miss the phantom.
The phantom is heavily damaged.
The phantom hits you.
* * * LOW HITPOINT WARNING * * *
You barely miss the phantom.
The phantom is heavily damaged.
The phantom hits you.
* * * LOW HITPOINT WARNING * * *
You hit the phantom.
The phantom is heavily damaged.
The phantom misses you.
You riposte.
You closely miss the phantom.
The phantom is heavily damaged.
You hit the phantom.
The phantom is severely damaged.
The phantom hits you but does no damage.
You closely miss the phantom.
The phantom is severely damaged.
The phantom hits you!
You die...

#o......# #
#..(....#####
#............
#.########............
.........'............
..####)##............
###)#########.....
#.W....# #.....
#@.....# ######
#......# ###+####


You could see a phantom.

Vanquished Creatures
  An iguana (D:2)
  An adder (D:4)
  3 dart slugs (D:1)
  3 leopard geckos
  2 orcs (D:4)
  5 bats
  A giant cockroach (D:4)
  6 goblins (D:1)
  2 hobgoblins
  2 jackals (D:1)
  5 kobolds (D:1)
  4 frilled lizards
  A quokka skeleton (D:4)
  3 rats (D:1)
39 creatures vanquished.

Notes
Turn   | Place    | Note
-------+----------+-------------------------------------------
     0 | D:1      | IcyTea the Hill Orc Monk began the quest for the Orb.
     0 | D:1      | Reached XP level 1. HP: 19/19 MP: 1/1
    64 | D:1      | Reached XP level 2. HP: 14/26 MP: 2/2
    68 | D:1      | Reached skill level 4 in Long Blades
   442 | D:1      | Reached XP level 3. HP: 27/31 MP: 3/3
  1087 | D:2      | Reached skill level 5 in Long Blades
  1087 | D:2      | Reached XP level 4. HP: 39/39 MP: 4/4
  1113 | D:2      | You fall through a shaft for 2 floors!
  1191 | D:4      | Noticed a phantom
  1232 | D:4      | Slain by a phantom

Vault maps used:
D:1:      dpeg_arrival_stonehenge_12_columns
D:2:      first_ration, chequers_ecumenical_altar_lobes
D:4:      nicolae_overflow_hidden_temple, corexii_mini_fake_secret_closet,
          uniq_edmund

Skill      XL: |  1  2  3 |
---------------+----------+-----
Long Blades    | 4 5 |  5.6
Fighting       | |  3.6
Dodging        | |  2.4
Stealth        | |  1.5

Action                   |  1- 3 |  4- 6 || total
-------------------------+-------+-------++-------
Melee: Falchion          |    77 |    36 ||   113
Throw: Tomahawk          |       |     1 ||     1
  Use: Scroll            |     2 |       ||     2
       Potion            |     1 |       ||     1
 Stab: Sleeping          |     2 |     1 ||     3
  Eat: Chunk             |     1 |       ||     1
Armor: Robe              |    18 |     5 ||    23
Dodge: Dodged            |    74 |    19 ||    93
       Rpst.: Falchion   |    16 |    10 ||    26

Table legend:
 A = Spawn XP
 B = Non-spawn XP
 C = Spawn XP percentage of total XP
 D = Spawn monster count
 E = Non-spawn monster count
 F = Spawn count percentage of total count
 G = Total turns spent on level
                    A         B        C        D         E        F      G
               +---------+---------+-------+---------+---------+-------+---------
         Total |       0 |     122 |   0.0 |       0 |      39 |   0.0 |  1232
               +---------+---------+-------+---------+---------+-------+---------
           D:1 |       0 |      58 |   0.0 |       0 |      29 |   0.0 |  1012
           D:2 |       0 |      38 |   0.0 |       0 |       3 |   0.0 |   101
           D:4 |       0 |      26 |   0.0 |       0 |       7 |   0.0 |   119
               +---------+---------+-------+---------+---------+-------+---------
